 Dungeon Crawl Stone Soup version 0.27-a0-890-ged2907cb04 (webtiles) character file.

Game seed: 3581079826231801696

290579 Namer the Scorcher (level 20, -1/108 HPs)
             Began as a Gargoyle Earth Elementalist on Apr 4, 2021.
             Was the Champion of Vehumet.
             Slain by a bone dragon (8 damage)
             ... on level 2 of the Abyss on Apr 5, 2021.
             The game lasted 01:46:11 (42468 turns).

Namer the Scorcher (Gargoyle Earth Elementalist)   Turns: 42468, Time: 01:46:12

Health: -1/108     AC: 35    Str: 19    XL:     20   Next: 75%
Magic:  34/44      EV: 14    Int: 24    God:    Vehumet [******]
Gold:   2945       SH:  0    Dex:  8    Spells: 9/42 levels left

rFire    + . .     SeeInvis +   F - +8 double sword (vorpal)
rCold    . . .     Faith    .   (no shield)
rNeg     + . .     Spirit   .   t - +5 steam dragon scales
rPois    ∞         Reflect  .   z - +1 helmet {SInv}
rElec    +         Harm     .   V - +1 cloak of Rike {+Inv}
rCorr    .         Rampage  .   x - +0 pair of gloves {Str+3}
Will     .....                  g - +2 pair of boots {Stlth+}
Stlth    +++.......             j - amulet of regeneration
HPRegen  1.28/turn              q - ring of wizardry
MPRegen  0.29/turn              Y - ring "Tawkeext" {rF+ Will- MP+9 Str+3}

@: about to teleport, flying
A: AC +15, big wings, negative energy resistance 1, electricity resistance,
torment resistance 1, unbreathing 1, petrification resistance, clumsy 1, frail
1, wild magic 2, MP-powered wands
}: 2/15 runes: decaying, gossamer
a: Renounce Religion, Evoke Invisibility


You were on level 2 of the Abyss.
You worshipped Vehumet.
Vehumet was exalted by your worship.
You visited 7 branches of the dungeon, and saw 33 of its levels.
You visited the Abyss 2 times.
You also visited: Wizlab.

You collected 4770 gold pieces.
You spent 1825 gold pieces at shops.

Inventory:

Hand Weapons
 F - a +8 vorpal double sword (weapon)
 M - a +0 triple sword
Missiles
 b - 787 stones
 n - 2 throwing nets
Armour
 g - a +2 pair of boots of stealth (worn)
 t - +5 steam dragon scales (worn)
 x - a +0 pair of gloves of strength (worn)
 z - a +1 helmet of see invisible (worn)
 V - the +1 cloak of Rike (worn) {+Inv}
   (You found it on level 15 of the Dungeon)

   It lets you turn invisible.
Magical Staves
 R - a staff of fire
Jewellery
 f - a ring of resist corrosion
 j - an amulet of regeneration (around neck)
 q - a ring of wizardry (left hand)
 L - the ring of the Firefly {rF+ SInv}
   (You found it on level 1 of the Spider Nest)

   [ring of see invisible]

   It protects you from fire.
   It lets you see invisible.
 Q - a ring of ice
 W - a ring of protection from cold
 Y - the ring "Tawkeext" (right hand) {rF+ Will- MP+9 Str+3}
   (You found it on level 3 of the Spider Nest)

   [ring of magical power]

   It affects your strength (+3).
   It protects you from fire.
   It affects your magic capacity (+9).
   It decreases your willpower.
Wands
 p - a wand of iceblast (7)
 y - a wand of mindburst (9)
 A - a wand of digging (7)
 J - a wand of paralysis (13)
 T - a wand of acid (5)
Scrolls
 e - 2 scrolls of fear
 s - 18 scrolls of identify
 u - 3 scrolls of summoning
 D - 2 scrolls of immolation
 E - 8 scrolls of amnesia
 H - 11 scrolls of magic mapping
 K - 10 scrolls of teleportation
 S - 6 scrolls of fog
 U - a scroll of holy word
Potions
 d - 3 potions of magic
 h - 13 potions of curing
 k - 4 potions of ambrosia
 m - 3 potions of brilliance
 r - 4 potions of berserk rage
 v - 6 potions of might
 w - 2 potions of invisibility
 I - 4 potions of cancellation
 O - 2 potions of lignification
 P - 2 potions of mutation
Miscellaneous
 G - a box of beasts
 N - a condenser vane (inert)
 X - a lightning rod (4/4)
 Z - a phial of floods (inert)


   Skills:
 + Level 11.6 Fighting
 - Level 6.6(8.9) Short Blades
 + Level 9.2(10.1) Long Blades
 - Level 5.4 Maces & Flails
 - Level 6.0 Armour
 + Level 9.2 Dodging
 - Level 2.1 Stealth
 + Level 11.5 Spellcasting
 + Level 13.2 Conjurations
 - Level 0.7 Transmutations
 + Level 18.6 Fire Magic
 * Level 16.0 Earth Magic
 + Level 9.8 Evocations


You had 9 spell levels left.
You knew the following spells:

 Your Spells              Type           Power      Damage    Failure   Level
a - Sandblast             Erth           100%       2d20      1%          1
b - Stone Arrow           Conj/Erth      100%       3d13      1%          3
c - Lee's Rapid Deconstr  Erth           49%        3d24*     1%          5
d - Iron Shot             Conj/Erth      47%        9d9       1%          6
e - Bolt of Magma         Conj/Fire/Erth 49%        4d20      1%          5
f - Irradiate             Conj/Tmut      33%        3d24      1%          5
g - Ignition              Fire           52%        3d15      3%          8

Your spell library contained the following spells:

 Spells                   Type           Power      Damage    Failure   Level
 Shatter                  Erth           49%        3d37*     56%         9
 Fire Storm               Conj/Fire      49%        8d12      58%         9
 Chain Lightning          Conj/Air       32%        N/A       87%         8
 Foxfire                  Conj/Fire      100%       2x1d9     1%          1
 Freeze                   Ice            88%        1d10      1%          1
 Magic Dart               Conj           100%       1d8       1%          1
 Shock                    Conj/Air       100%       1d9       1%          1
 Passwall                 Tmut/Erth      60%        N/A       1%          2
 Conjure Flame            Conj/Fire      98%        6-21      1%          3
 Ignite Poison            Fire/Tmut/Pois 64%        N/A       1%          3
 Inner Flame              Hex/Fire       76%        N/A       1%          3
 Mephitic Cloud           Conj/Pois/Air  54%        N/A       1%          3
 Static Discharge         Conj/Air       65%        N/A       1%          3
 Hailstorm                Conj/Ice       65%        3d14      1%          4
 Petrify                  Tmut/Erth      72%        N/A       1%          4
 Sticky Flame             Conj/Fire      98%        2d11      1%          4
 Fireball                 Conj/Fire      49%        3d19      1%          5
 Iskenderun's Battlesphe  Conj           90%        2d14      1%          5
 Starburst                Conj/Fire      49%        8x6d13    1%          6
 Lightning Bolt           Conj/Air       32%        1d50      2%          5
 Frozen Ramparts          Ice            44%        1d6       3%          3
 Animate Skeleton         Necr           44%        N/A       4%          1
 Pain                     Necr           88%        1d8       4%          1
 Sting                    Tmut/Pois      96%        1d7       4%          1
 Borgnjor's Vile Clutch   Necr/Erth      35%        N/A       4%          5
 Orb of Destruction       Conj           45%        9d15      4%          7
 Blink                    Tloc           N/A        N/A       6%          2
 Call Imp                 Summ           22%        N/A       6%          2
 Poisonous Vapours        Pois/Air       44%        N/A       6%          2
 Slow                     Hex            22%        N/A       6%          2
 Swiftness                Air            22%        N/A       6%          2
 Airstrike                Air            11%        N/A       9%          4
 Olgreb's Toxic Radiance  Pois           22%        N/A       9%          4
 Conjure Ball Lightning   Conj/Air       32%        3x3d10    9%          6
 Confusing Touch          Hex            22%        N/A       12%         3
 Gell's Gravitas          Tloc           11%        N/A       12%         3
 Ozocubu's Armour         Ice            22%        N/A       12%         3
 Vampiric Draining        Necr           11%        2d7       12%         3
 Yara's Violent Unravell  Hex/Tmut       12%        3d7       17%         5
 Freezing Cloud           Conj/Ice/Air   27%        6-21      19%         6
 Ice Form                 Ice/Tmut       24%        N/A       26%         4
 Animate Dead             Necr           11%        N/A       28%         4
 Passage of Golubria      Tloc           N/A        N/A       28%         4
 Summon Ice Beast         Ice/Summ       22%        N/A       28%         4
 Summon Lightning Spire   Summ/Air       22%        N/A       28%         4
 Spellforged Servitor     Conj/Summ      32%        N/A       32%         7
 Agony                    Necr           22%        N/A       56%         5
 Metabolic Englaciation   Hex/Ice        11%        N/A       56%         5
 Silence                  Hex/Air        11%        N/A       56%         5
 Death Channel            Necr           11%        N/A       97%         6
 Invisibility             Hex            22%        N/A       97%         6
 Simulacrum               Ice/Necr       11%        N/A       97%         6
 Ozocubu's Refrigeration  Ice            11%        4d7       97%         7
 Tornado                  Air            11%        N/A       100%        9


Dungeon Overview and Level Annotations

Branches:
Dungeon (15/15)            Temple (1/1) D:5            Lair (6/6) D:10
  Swamp (4/4) Lair:4       Spider (4/4) Lair:2        Slime (0/5) Lair:6
    Orc (2/2) D:9             Elf (0/3) Orc:2        Vaults (1/5) D:13
 Depths (0/5) D:15         WizLab (visited)

Altars:
Ashenzari
Cheibriados
Dithmenos
Elyvilon
Fedhas
Gozag
Hepliaklqana
Kikubaaqudgha
Qazlal
Ru
Trog
Uskayaw
Vehumet
Wu Jian
Xom
Yredelemnul
The Shining One
Beogh

Shops:
D:1 *   D:3 [   D:7 *   D:14 [   Orc:2 (:[:*

Annotations:
Spider:3 1 transporter, minorukun's ghost, adept TrFi
Orc:2 2 transporters, celly00's ghost, journeyman GrFi


Innate Abilities, Weirdness & Mutations

Your stone body is resilient. (AC +15)
You are immune to poison.
Your large and strong wings let you fly.
You resist negative energy. (rN+)
You are resistant to electric shocks. (rElec)
You are resistant to unholy torment.
You can survive without breathing.
You are immune to petrification.
You are clumsy. (Dex -2)
You are frail. (-10% HP)
Your spells are harder to cast, but more powerful.
You expend magic power (3 MP) to strengthen your wands.


Message History

The fireball engulfs the starcursed mass!!
You destroy the starcursed mass!
Vehumet accepts your kill.
You feel your power returning.
The fireball engulfs the starcursed mass!!
You destroy the starcursed mass!
Vehumet accepts your kill.
You feel your power returning.
The fireball engulfs the orange demon!!
You kill the orange demon!
Vehumet accepts your kill.
You feel your power returning.
The fireball engulfs the raiju!
You kill the raiju!
Vehumet accepts your kill.
You feel your power returning.
The fireball engulfs the bone dragon!
The bone dragon resists.
The bone dragon is almost destroyed.
Vehumet accepts your kill.
You feel your power returning.
You feel a bit more experienced.
The fireball engulfs the starcursed mass!!
You destroy the starcursed mass!
Vehumet accepts your kill.
You feel your power returning.
The fireball engulfs the lorocyproca.
The lorocyproca resists.
The lorocyproca is moderately wounded.
The fireball engulfs the bone dragon.
The bone dragon resists.
The bone dragon is almost destroyed.
You hear a roar!
The bone dragon bites you!
* * * LOW HITPOINT WARNING * * *
The bone dragon closely misses you.
The bone dragon tramples you but does no damage.
Unknown command.
Unknown command.
Unknown command.
Okay, then.
Unknown command.
You feel better.
The bone dragon bites you but does no damage.
The bone dragon claws you!
You die...

. ... #. .. ....# ..#
..#.### #.
X..##...#.# ...
#X#......#...# . # ##
###.#.#........ #.
...##..#...#.....#.
.........##2D@.......
.# #.##
##...†########.
#...#......# . . .
#X..#...#..##...# #
.. .##.#.. ###. .. ..
# . . #...#. . ....
...# #.#.#.## #
.#..## ..# ##. #.#
..###.... #. #§##...
. #. ..†...#


You could see a bone dragon, a tentacled starspawn and a lorocyproca
(invisible).

Vanquished Creatures
  Jorgrun (D:14)
  Rupert (Spider:1)
  A moon troll (WizLab)
  2 quicksilver dragons (WizLab)
  Frances (D:14)
  10 tentacled starspawn
  A sphinx (Vaults:1)
  A tengu reaver (Vaults:1)
  Donald (Swamp:3)
  4 fenstrider witches
  A vault warden (Vaults:1)
  3 ghost moths (Spider:4)
  7 emperor scorpions
  A cacodemon (WizLab)
  9 very ugly things (WizLab)
  A ghoul (Swamp:4)
  4 ironbound preservers (Vaults:1)
  6 stone giants (WizLab)
  A reaper (Swamp:4)
  2 dire elephants
  An entropy weaver (Spider:1)
  5 bunyips
  Azrael (D:15)
  A spark wasp (Spider:3)
  8 eleionomae
  Snorg (D:13)
  A blizzard demon (Swamp:4)
  3 yaktaur captains (Vaults:1)
  Josephine (Orc:2)
  A shambling mangrove (Swamp:4)
  A vault guard (D:13)
  4 ironbound thunderhulks (Vaults:1)
  A fire dragon (D:15)
  Erolcha (D:9)
  9 great orbs of eyes
  2 spriggan air magi (Swamp:4)
  13 hydras
  6 boulder beetles
  3 ghost crabs
  6 centaur warriors
  An anaconda (shapeshifter) (D:15)
  4 ogre magi
  10 two-headed ogres
  5 ironbound frosthearts (Vaults:1)
  A merfolk avatar (Lair:6)
  5 dancing weapons (D:13)
  5 alligators
  9 death yaks
  A spriggan berserker (Swamp:4)
  2 tengu warriors (D:15)
  An ironbound beastmaster (Vaults:1)
  2 thrashing horrors (Abyss:2)
  Urug (D:10)
  An orc high priest (Orc:2)
  Sonja (Lair:5)
  6 wretched stars
  A soul eater (Swamp:4)
  2 skeletal warriors (D:15)
  2 sixfirhies
  6 spriggan druids
  9 deep trolls
  A flayed ghost (D:15)
  6 swamp dragons
  An orange crystal statue (WizLab)
  6 starcursed masses
  A spatial maelstrom (Abyss:2)
  3 death drakes
  7 goliath frogs
  A lindwurm (Lair:2)
  4 bog bodies
  4 glowing orange brains
  4 ironbound convokers (Vaults:1)
  7 large abominations (Abyss:2)
  A harpy (Lair:6)
  5 wizards
  Pikel (D:5)
  A necromancer (D:15)
  2 orc knights (Orc:2)
  17 orb spiders
  6 orc sorcerers
  3 deep elf pyromancers
  4 oklob plants (Lair:4)
  6 will-o-the-wisps
  7 cyclopes
  10 manticores
  19 wolf spiders
  3 moths of wrath
  9 ugly things
  Maurice (D:9)
  5 elephants
  A frost giant skeleton (D:15)
  A titan simulacrum (Abyss:2)
  5 eyes of devastation (WizLab)
  2 smoke demons (Abyss:2)
  4 vault sentinels (Vaults:1)
  Joseph (D:7)
  7 black mambas
  A gargoyle (D:12)
  18 cane toads
  A torpor snail (Lair:5)
  14 demonic crawlers
  Maggie (D:6)
  An unseen horror (D:12)
  2 kobold demonologists
  5 orange demons
  13 komodo dragons
  10 yaktaurs (Vaults:1)
  2 tengu conjurers (D:15)
  3 rime drakes
  2 freezing wraiths
  An efreet (D:15)
  3 ancient zymes (Abyss:2)
  6 polar bears (Lair:6)
  23 jumping spiders
  18 hornets
  3 bloated husks
  11 trolls
  A deep troll zombie (D:15)
  Grinder (D:5)
  19 slime creatures
  2 raiju (Abyss:2)
  A wind drake (Lair:6)
  12 tyrant leeches
  8 blink frogs
  11 dream sheep
  A frost giant simulacrum (Abyss:2)
  2 shadows
  An air elemental (Abyss:2)
  An ice dragon skeleton (D:15)
  50 redbacks
  11 spriggans
  29 tarantellas
  6 wraiths
  68 yaks
  A ynoxinul (Abyss:2)
  6 golden eyes (WizLab)
  8 wyverns
  A human (shapeshifter) (Abyss:2)
  6 neqoxecs
  5 fire elementals (D:15)
  6 basilisks
  2 chaos spawn (Swamp:4)
  7 vampire mosquitoes
  A spatial vortex (Abyss:2)
  A redback simulacrum (D:15)
  2 wargs (Orc:2)
  A tengu zombie (D:15)
  An acid dragon (D:12)
  18 swamp worms
  23 water moccasins
  4 small abominations (Abyss:2)
  Duvessa (D:6)
  A hell hound (D:15)
  16 orc warriors
  2 ice beasts
  2 black bears
  A hornet zombie (D:6)
  23 ogres
  14 wolves
  13 centaurs
  2 phantoms
  4 kobold brigands
  3 gnoll sergeants
  A wyvern zombie (D:8)
  3 scorpions
  Blork the orc (D:5)
  13 bullfrogs
  A wyvern skeleton (D:6)
  Dowan (D:6)
  A water moccasin skeleton (D:6)
  7 killer bees
  A vampire bat (Lair:2)
  8 howler monkeys
  6 electric eels
  A bullfrog zombie (D:6)
  3 hounds (D:7)
  8 centaur zombies
  11 orc priests
  Crazy Yiuf (D:6)
  4 gnoll shamans
  7 jellies
  A centaur skeleton (D:7)
  2 iron imps
  A scorpion zombie (D:5)
  3 iguanas
  23 orc wizards
  A killer bee zombie (D:4)
  A naga skeleton (Abyss:2)
  A hound skeleton (D:4)
  5 adders
  28 gnolls
  3 white imps
  3 ufetubi
  6 dart slugs
  61 orcs
  4 ball pythons
  9 endoplasms
  4 giant cockroaches
  10 goblins
  5 hobgoblins
  A jackal (D:7)
  7 quokkas
  22 bats
  29 kobolds
  8 rats
  A spectral orc (D:4)
  6 starspawn tentacles
1228 creatures vanquished.

Vanquished Creatures (collateral kills)
  2 emperor scorpions
  An acid dragon (D:13)
  An orc warrior (D:10)
  3 orcs (D:10)
  A kobold (D:10)
8 creatures vanquished.

Vanquished Creatures (others)
  A bunyip (Swamp:4)
  2 tengu warriors (D:13)
  A spriggan druid (Swamp:4)
  A jumping spider (Spider:4)
  A small abomination (Abyss:2)
  An orc priest (Orc:2)
  An orc (Orc:2)
  2 kobolds (D:10)
  8 demonic plants (WizLab)
  26 foxfires
  31 fungi
  82 plants
  19 starspawn tentacles
  6 withered plants
182 creatures vanquished.

Grand Total: 1418 creatures vanquished

Notes
Turn   | Place    | Note
-------+----------+-------------------------------------------
     0 | D:1      | Namer the Gargoyle Earth Elementalist began the quest for
                  | the Orb.
     0 | D:1      | Reached XP level 1. HP: 10/10 MP: 3/3
    94 | D:1      | Reached XP level 2. HP: 15/15 MP: 5/5
   202 | D:1      | Found Foddes's General Store.
   388 | D:1      | Reached XP level 3. HP: 4/19 MP: 4/6
   392 | D:1      | Learned a level 3 spell: Stone Arrow
  1111 | D:2      | Reached skill level 1 in Conjurations
  1111 | D:2      | Reached XP level 4. HP: 21/24 MP: 8/8
  1947 | D:2      | Found a faded altar of an unknown god.
  2234 | D:1      | Bought a scroll of identify for 26 gold pieces
  2292 | D:3      | Reached skill level 1 in Short Blades
  2534 | D:3      | Found Tocaogh's Antique Armour Boutique.
  2891 | D:3      | Reached XP level 5. HP: 28/28 MP: 9/9
  2897 | D:3      | Learned a level 5 spell: Lee's Rapid Deconstruction
  3002 | D:4      | Reached skill level 5 in Earth Magic
  3267 | D:4      | Noticed an ogre
  3271 | D:4      | Killed an ogre
  3272 | D:4      | Reached XP level 6. HP: 32/32 MP: 5/11
  3455 | D:4      | Found a basalt altar of Yredelemnul.
  3935 | D:4      | Noticed a black bear
  3948 | D:4      | Killed a black bear
  3949 | D:4      | Reached XP level 7. HP: 27/36 MP: 9/13
  4118 | D:5      | Entered Level 5 of the Dungeon
  4303 | D:5      | Noticed Pikel
  4309 | D:5      | Killed Pikel
  4310 | D:5      | Reached skill level 5 in Spellcasting
  4310 | D:5      | Reached XP level 8. HP: 41/41 MP: 1/15
  4470 | D:5      | Reached skill level 5 in Conjurations
  4572 | D:5      | Found a staircase to the Ecumenical Temple.
  4583 | D:5      | Noticed Blork the orc
  4593 | D:5      | Killed Blork the orc
  4599 | Temple   | Entered the Ecumenical Temple
  4736 | Temple   | Became a worshipper of Vehumet
  4774 | D:5      | Noticed Grinder
  4778 | D:5      | Killed Grinder
  5042 | D:6      | Reached XP level 9. HP: 36/45 MP: 17/17
  5171 | D:6      | Noticed Maggie
  5177 | D:6      | Killed Maggie
  5178 | D:6      | Reached skill level 5 in Short Blades
  5245 | D:6      | Noticed Duvessa
  5305 | D:6      | Killed Dowan
  5307 | D:6      | Killed Duvessa
  5994 | D:6      | Found a runed translucent door.
  5995 | D:6      | Noticed Crazy Yiuf
  6000 | D:6      | Killed Crazy Yiuf
  6557 | D:3      | Bought a pair of fine gloves for 171 gold pieces
  6557 | D:3      | Identified the +2 pair of gloves "Wocus" {+Blink rPois rN+
                  | Will+++ Int-3} (You bought it in a shop on level 3 of the
                  | Dungeon)
  6614 | D:7      | Reached * piety under Vehumet
  6614 | D:7      | Offered knowledge of Foxfire by Vehumet.
  6636 | D:7      | Found Araejang's General Store.
  6674 | D:7      | Reached skill level 1 in Fighting
  6674 | D:7      | Reached skill level 1 in Armour
  6676 | D:7      | Reached skill level 1 in Maces & Flails
  6677 | D:7      | Reached XP level 10. HP: 43/52 MP: 11/19
  7005 | D:7      | Reached skill level 1 in Evocations
  7092 | D:7      | Noticed Joseph
  7108 | D:7      | Identified the +8 dagger "Feruihuad" {vorpal, Str+4}
  7109 | D:7      | Killed Joseph
  7612 | D:8      | Reached ** piety under Vehumet
  7612 | D:8      | Offered knowledge of Shock by Vehumet.
  8208 | D:9      | Noticed Erolcha
  8210 | D:9      | Offered knowledge of Frozen Ramparts by Vehumet.
  8214 | D:9      | Killed Erolcha
  8215 | D:9      | Reached XP level 11. HP: 54/60 MP: 21/21
  8350 | D:9      | Noticed Maurice
  8370 | D:9      | Killed Maurice
  8813 | D:9      | Found a staircase to the Orcish Mines.
  8851 | D:9      | Reached *** piety under Vehumet
  9043 | D:10     | Entered Level 10 of the Dungeon
  9224 | D:10     | Noticed Urug
  9264 | D:10     | Killed Urug
  9494 | D:10     | Reached skill level 10 in Earth Magic
  9676 | D:10     | Noticed a death yak
  9677 | D:10     | Noticed a death yak
  9678 | D:10     | Noticed a death yak
  9679 | D:10     | Found a staircase to the Lair.
  9686 | D:10     | Killed a death yak
  9697 | D:10     | Killed a death yak
  9698 | D:10     | Reached skill level 1 in Long Blades
  9828 | D:9      | Killed a death yak
  9921 | D:10     | Offered knowledge of Olgreb's Toxic Radiance by Vehumet.
 10232 | D:10     | Found a shimmering altar of Xom.
 10260 | D:10     | Reached XP level 12. HP: 66/68 MP: 23/23
 10629 | D:10     | Noticed an ogre mage
 10642 | D:10     | Paralysed by something for 6 turns
 10649 | D:10     | Killed an ogre mage
 10650 | D:10     | Reached skill level 5 in Armour
 10653 | D:10     | Reached skill level 5 in Fighting
 11346 | D:11     | Found a hazy altar of Hepliaklqana.
 11618 | D:12     | Reached **** piety under Vehumet
 11627 | D:12     | Offered knowledge of Fulminant Prism by Vehumet.
 11826 | D:12     | Reached skill level 5 in Maces & Flails
 12122 | D:12     | Noticed a two-headed ogre
 12130 | D:12     | Killed a two-headed ogre
 12275 | D:12     | Noticed a boulder beetle
 12282 | D:12     | Killed a boulder beetle
 12445 | D:12     | Found a white marble altar of Elyvilon.
 12610 | D:12     | Noticed a two-headed ogre
 12614 | D:12     | Killed a two-headed ogre
 13070 | D:13     | Reached skill level 5 in Evocations
 13093 | D:13     | Reached skill level 5 in Dodging
 13093 | D:13     | Reached XP level 13. HP: 59/74 MP: 19/25
 13176 | D:13     | Noticed Snorg
 13191 | D:13     | Killed Snorg
 13330 | D:13     | Noticed a vault guard
 13358 | D:13     | Killed a vault guard
 13491 | D:13     | Found a gate to the Vaults.
 13504 | D:13     | Learned a level 6 spell: Iron Shot
 13510 | D:13     | Learned a level 5 spell: Bolt of Magma
 13572 | D:13     | Reached skill level 1 in Fire Magic
 13875 | D:13     | Found a large runed translucent door.
 13876 | D:13     | Found a large runed translucent door.
 14175 | D:13     | Reached ***** piety under Vehumet
 14176 | D:13     | Reached skill level 2 in Fire Magic
 14480 | D:14     | Noticed Frances
 14491 | D:14     | Killed Frances
 14491 | D:14     | Offered knowledge of Iskenderun's Mystic Blast by Vehumet.
 14492 | D:14     | Reached skill level 10 in Conjurations
 14492 | D:14     | Reached skill level 3 in Fire Magic
 14925 | D:14     | Found Jumm's Antique Armour Boutique.
 15514 | D:14     | Noticed Jorgrun
 15522 | D:14     | Killed Jorgrun
 15523 | D:14     | Reached skill level 4 in Fire Magic
 15523 | D:14     | Gained mutation: Your large and strong wings let you fly.
                  | [Gargoyle growth]
 15523 | D:14     | Reached XP level 14. HP: 65/82 MP: 17/27
 15525 | D:14     | Reached skill level 5 in Long Blades
 15836 | D:14     | Found a blossoming altar of Fedhas.
 16149 | Lair:1   | Entered Level 1 of the Lair of Beasts
 16571 | Lair:1   | Reached skill level 5 in Fire Magic
 16854 | Lair:1   | Identified the +4 whip "Nacsoan" {flame, rN+}
 17649 | Lair:2   | Offered knowledge of Fireball by Vehumet.
 17656 | Lair:2   | Learned a level 5 spell: Fireball
 17820 | Lair:2   | Found a hole to the Spider Nest.
 17845 | Lair:2   | You are sucked into a shaft and drop 1 floor!
 18147 | Lair:2   | Reached skill level 6 in Fire Magic
 20188 | Lair:4   | Found a staircase to the Swamp.
 20470 | Lair:5   | Noticed Sonja
 20478 | Lair:5   | Killed Sonja
 20479 | Lair:5   | Reached XP level 15. HP: 89/89 MP: 16/28
 20815 | Lair:5   | You are sucked into a shaft and drop 1 floor!
 20815 | Lair:6   | Entered Level 6 of the Lair of Beasts
 20823 | Lair:6   | Found a staircase to the Slime Pits.
 21119 | Lair:5   | Reached skill level 7 in Fire Magic
 21744 | Lair:6   | Offered knowledge of Irradiate by Vehumet.
 21781 | Lair:6   | Reached skill level 10 in Spellcasting
 21856 | Lair:4   | Learned a level 5 spell: Irradiate
 22174 | Lair:6   | Reached skill level 8 in Fire Magic
 22426 | Lair:6   | Identified the Papyrus of the Mutagenic Mountains
 22451 | Lair:6   | Identified the +9 hand axe of Fuch {holy, Dex+3}
 23288 | Orc:1    | Entered Level 1 of the Orcish Mines
 23299 | Orc:1    | Paralysed by an orc sorcerer for 5 turns
 23840 | Orc:2    | Entered Level 2 of the Orcish Mines
 23841 | Orc:2    | Found a transporter.
 23843 | Orc:2    | Found a transporter.
 23845 | Orc:2    | Found Wetitu Buvvo's Assorted Antiques.
 23867 | Orc:2    | Found a bloodstained altar of Trog.
 23876 | Orc:2    | Found Ginakeon's Book Emporium.
 23894 | Orc:2    | Reached XP level 16. HP: 57/96 MP: 30/30
 24070 | D:1      | Bought a scroll of teleportation for 39 gold pieces
 24070 | D:1      | Bought a condenser vane for 520 gold pieces
 24070 | D:1      | Bought a scroll of enchant armour for 97 gold pieces
 24070 | D:1      | Bought a potion of curing for 39 gold pieces
 24070 | D:1      | Bought a scroll of teleportation for 39 gold pieces
 24209 | Orc:2    | Offered knowledge of Eringya's Noxious Bog by Vehumet.
 24213 | Orc:2    | Reached skill level 9 in Fire Magic
 24261 | Orc:2    | Bought a shadowed robe for 159 gold pieces
 24261 | Orc:2    | Identified the +3 robe "Tofihyut" {rF- Will+ rCorr} (You
                  | bought it in a shop on level 2 of the Orcish Mines)
 24261 | Orc:2    | Bought 2 potions of heal wounds for 280 gold pieces
 24261 | Orc:2    | Bought a scroll of magic mapping for 98 gold pieces
 24261 | Orc:2    | Bought a scroll of teleportation for 84 gold pieces
 24261 | Orc:2    | Bought a scroll of identify for 56 gold pieces
 24281 | Orc:2    | Found a staircase to the Elven Halls.
 24522 | Orc:2    | Noticed Josephine
 24530 | Orc:2    | Killed Josephine
 24962 | Orc:2    | Noticed celly00's ghost (journeyman GrFi)
 24977 | Orc:2    | Found Atassuwe's Book Shoppe.
 24986 | Orc:2    | Found Uplodun's Weapon Shop.
 24998 | Orc:2    | Found Syekypum's Antique Armour Emporium.
 25007 | Orc:2    | Bought a jade-studded leather armour for 217 gold pieces
 25007 | Orc:2    | Identified the +0 leather armour of Cuunidorr {rElec rPois
                  | rCorr Dex-5} (You bought it in a shop on level 2 of the
                  | Orcish Mines)
 25463 | D:15     | Entered Level 15 of the Dungeon
 25719 | D:15     | Identified the +1 cloak of Rike {+Inv}
 25736 | D:15     | Noticed Azrael
 25745 | D:15     | Killed Azrael
 25746 | D:15     | Reached skill level 10 in Fire Magic
 26126 | D:15     | Offered knowledge of Yara's Violent Unravelling by Vehumet.
 26226 | D:15     | Gained mutation: You are frail. (-10% HP) [potion of
                  | mutation]
 26226 | D:15     | Gained mutation: You expend magic power (3 MP) to
                  | strengthen your wands. [potion of mutation]
 26232 | D:15     | Found a staircase to the Depths.
 26346 | D:15     | Reached skill level 11 in Fire Magic
 26622 | D:15     | Found a hide-covered altar of Uskayaw.
 27303 | Spider:1 | Entered Level 1 of the Spider Nest
 27361 | Spider:1 | Noticed Rupert
 27368 | Spider:1 | Killed Rupert
 27674 | Spider:1 | Reached skill level 12 in Fire Magic
 27727 | Spider:1 | HP: 1/87 [emperor scorpion (7)]
 27922 | Spider:1 | Identified the ring of the Firefly {rF+ SInv}
 28253 | Spider:2 | Reached XP level 17. HP: 90/90 MP: 28/31
 28469 | Spider:2 | Reached skill level 13 in Fire Magic
 29363 | Spider:2 | Learned a level 8 spell: Ignition
 29538 | Spider:2 | You are sucked into a shaft and drop 1 floor!
 29541 | Spider:3 | Offered knowledge of Eringya's Noxious Bog by Vehumet.
 29640 | Spider:2 | Reached skill level 14 in Fire Magic
 30760 | Spider:3 | Noticed minorukun's ghost (adept TrFi)
 30762 | Spider:3 | Found a transporter.
 30767 | Spider:3 | Found a transporter.
 30830 | Spider:3 | Identified the ring "Tawkeext" {rF+ Will- MP+9 Str+3}
 31275 | Spider:4 | Entered Level 4 of the Spider Nest
 31298 | Spider:3 | Reached skill level 15 in Fire Magic
 32341 | Spider:4 | Offered knowledge of Lehudib's Crystal Spear by Vehumet.
 32364 | Spider:3 | Reached skill level 16 in Fire Magic
 32871 | Spider:4 | Reached XP level 18. HP: 90/96 MP: 11/32
 33012 | Spider:4 | Got a gossamer rune of Zot
 33207 | Swamp:1  | Entered Level 1 of the Swamp
 34355 | Swamp:2  | Reached skill level 17 in Fire Magic
 35102 | Swamp:3  | Reached ****** piety under Vehumet
 35176 | Swamp:3  | Identified a scroll of acquirement
 35176 | Swamp:3  | Acquired 1012 gold pieces
 35260 | Swamp:3  | Noticed Donald
 35268 | Swamp:3  | Killed Donald
 35602 | Swamp:3  | Reached skill level 18 in Fire Magic
 36030 | Swamp:4  | Entered Level 4 of the Swamp
 36207 | Swamp:4  | HP: 3/96 [spore (31)]
 36208 | Swamp:4  | Reached skill level 10 in Fighting
 36561 | Swamp:4  | Paralysed by a fenstrider witch for 2 turns
 36928 | Swamp:4  | Reached XP level 19. HP: 92/100 MP: 33/33
 36965 | Swamp:4  | Cast into level 2 of the Abyss (a wizard)
 37093 | Abyss:2  | Offered knowledge of Fire Storm by Vehumet.
 37093 | Abyss:2  | Offered knowledge of Shatter by Vehumet.
 37093 | Abyss:2  | Offered knowledge of Chain Lightning by Vehumet.
 37177 | Abyss:2  | Gained mutation: You are dopey. (Int -2) [a neqoxec]
 37206 | Swamp:4  | Escaped the Abyss
 37982 | Swamp:4  | Got a decaying rune of Zot
 38469 | Vaults:1 | Entered Level 1 of the Vaults
 38469 | Vaults:1 | Found a magical portal.
 38507 | WizLab   | Entered Lehudib's Moon Base
 38534 | WizLab   | Upgraded the game from 0.27-a0-887-gcab673c142 to
                  | 0.27-a0-890-ged2907cb04
 38872 | WizLab   | Gained mutation: You are clumsy. (Dex -2) [a cacodemon]
 38874 | WizLab   | Paralysed by a great orb of eyes for 3 turns
 39017 | WizLab   | Lost mutation: You are dopey. (Int -2) [potion of mutation]
 39017 | WizLab   | Lost mutation: You are clumsy. (Dex -2) [potion of
                  | mutation]
 39017 | WizLab   | Gained mutation: Your spells are a little harder to cast,
                  | but a little more powerful. [potion of mutation]
 39017 | WizLab   | Gained mutation: Your spells are harder to cast, but more
                  | powerful. [potion of mutation]
 39171 | WizLab   | Paralysed by a great orb of eyes for 3 turns
 39179 | WizLab   | Reached skill level 15 in Earth Magic
 40077 | WizLab   | Found a transporter.
 40179 | WizLab   | Found a transporter.
 40418 | WizLab   | Identified the +5 great mace "Iwkuc" {flame, rPois}
 40493 | WizLab   | Reached XP level 20. HP: 108/108 MP: 28/35
 40900 | WizLab   | Gained mutation: You are clumsy. (Dex -2) [a neqoxec]
 40959 | WizLab   | Identified the +1 cloak of Vexation {rPois rF+ rC++ Slay-3}
 41539 | Vaults:1 | Paralysed by a sphinx for 6 turns
 42132 | Vaults:1 | Cast into level 2 of the Abyss (a wizard)
 42327 | Abyss:2  | Paralysed by a great orb of eyes for 6 turns
 42377 | Abyss:2  | Found a corrupted altar of Lugonu.
 42445 | Abyss:2  | Noticed a bone dragon
 42465 | Abyss:2  | Identified the +1 chain mail "Goheppa" {Contam Int+3}
 42467 | Abyss:2  | HP: 1/108 [bone dragon (17)]
 42468 | Abyss:2  | Slain by a bone dragon

Illustrated notes

Levels and vault maps discovered:
D:1:      mrwooster_arrival_statue_3, layout_basic, serial_shops, shop,
          patterned_corridor
D:2:      layout_loops_cross, shapermc_ecumenical_altar_flowoftime, hex_medium
D:3:      layout_rooms, serial_shops, nicolae_shop_trees, minmay_fountain_box
D:4:      layout_loops_ring, yredelemnul_forgotten_temple_becter,
          nicolae_underground_beach
D:5:      layout_cave_pools, minmay_temple_entry_drinking_statues, uniq_grinder,
          uniq_blork_the_orc, uniq_pikel
D:6:      layout_basic, uniq_duvessa, uniq_crazy_yiuf_cottage, uniq_maggie
D:7:      layout_cave_pools, serial_gnoll_camp, gnoll_camp_huts_basic,
          gnoll_camp_mini_hut, gnoll_camp_mini_loothouse, gnoll_camp_mini_house,
          gnoll_camp_mini_shop, minmay_misc_feat_hallway, nicolae_benzene_ring,
          chequers_avenue, uniq_joseph
D:8:      layout_rooms
D:9:      layout_irregular_city, minmay_orc_entry_temple_small, uniq_maurice,
          uniq_erolcha
D:10:     layout_loops_corners, dpeg_lair_monsters, glass_columns_b,
          kennysheep_diamond, grunt_ministairs_6, grunt_tough_drop, uniq_urug
D:11:     layout_rooms, nzn_hepliaklqana_mist_gate
D:12:     layout_irregular_city, nicolae_elyvilon_peaceful_grove
D:13:     doesnt_quadruple_sword, layout_basic, david_vaults_5,
          kennysheep_boxes, uniq_snorg
D:14:     minmay_inner_zag, layout_loops_ring, serial_shops, nicolae_shop_trees,
          fedhas_ov_isle_minmay, uniq_jorgrun, uniq_frances
D:15:     gammafunk_depths_entry_grave, layout_basic, roderic_roman_lattice,
          nicolae_uskayaw_murder_on_the_dancefloor, uniq_azrael
Temple:   compressed_dpeg_circular_temple
Lair:1:   layout_concentric_octagons, minivault_19, worms_lemuel,
          grunt_megastairs_2
Lair:2:   layout_chaotic_city, spider_nest_entry_webs, roderic_batcave,
          minivault_11, hangedman_lair_generics_rect
Lair:3:   layout_big_grid, grunt_megastairs_1
Lair:4:   layout_regular_city, minmay_swamp_entry_worms, serial_bayou_shore_b,
          lemuel_fruit_fields, lemuel_fruit_fields, minmay_lair_oklob_chamber
Lair:5:   layout_loops_ring, chequers_serial_rivers_micro_a, grunt_megastairs_4,
          lemuel_fruit_fields, serial_bayou_shore_a, uniq_sonja
Lair:6:   gammafunk_lair_ancient_temple, layout_layer_cave,
          minmay_slime_entry_pillars, nicolae_quartered_pool_medium,
          disabler_island, lemuel_fruit_tree, serial_bayou_shore_b
Swamp:1:  layout_basic_swamp, evilmike_swamp_ruin_house_2, swamp_pool3
Swamp:2:  layout_basic_swamp, evilmike_swamp_ruin_house_3,
          infiniplex_staircase_pool
Swamp:3:  layout_basic_swamp, evilmike_swamp_ruin_rubble_1, swamp_pool1,
          infiniplex_staircase_pool_2, uniq_donald
Swamp:4:  nzn_swamp_witches_coven, layout_basic_swamp
Spider:1: layout_spider_delve, uniq_rupert
Spider:2: layout_chambers
Spider:3: layout_spider_delve, gammafunk_ghost_arena, drop_trap
Spider:4: grunt_spider_rune_circles
Orc:1:    layout_diamond_mine, serial_shops
Orc:2:    st_orc_open, layout_diamond_mine, gammafunk_ghost_wrathful_warriors,
          serial_shops, shop, special_room, uniq_josephine
Vaults:1: v_misc_14, hangedman_vaults_unwind, v_misc_33,
          nicolae_vaults_little_ls, vaults_mumra_bighexcomb,
          grunt_vaults_hallway_short, v_misc_27, v_misc_17,
          vaults_room_door_hall, vaults_room_grunt_arrival_ludios,
          nicolae_vaults_sealed_display, layout_vaults_omnibox,
          lightli_enter_wizlab_magi_temple, serial_shops, nicolae_shop_stone,
          nicolae_trove_entry_isolated
Abyss:2:  base: Orc:2, minivault_23, gammafunk_abyss_exit_x_factor, base:
          Lair:6, hangedman_decor_points

Skill      XL: |  1  2  3  4  5  6  7  8  9 10 11 12 13 14 15 16 17 18 19 20 |
---------------+-------------------------------------------------------------+-----
Earth Magic    | 4 5 7 9 10 11 12 13 14 15 16 | 16.0
Conjurations   | 1 2 3 4 5 7 8 9 10 11 12 13 | 13.2
Spellcasting   | 3 4 5 6 7 8 9 10 11 | 11.5
Short Blades   | 1 2 4 5 6 |  6.6
Fighting       | 1 3 4 6 7 8 9 10 11 | 11.6
Armour         | 1 3 4 6 |  6.0
Maces & Flails | 1 3 4 5 |  5.4
Dodging        | 3 4 5 6 7 8 9 |  9.2
Evocations     | 2 3 5 6 7 8 9 |  9.8
Long Blades    | 1 3 4 6 7 8 9 |  9.2
Fire Magic     | 4 6 8 12 16 18 | 18.6
Stealth        | |  2.1
Transmutations | |  0.7

Action                   |  1- 3 |  4- 6 |  7- 9 | 10-12 | 13-15 | 16-18 | 19-21 || total
-------------------------+-------+-------+-------+-------+-------+-------+-------++-------
Melee: Short sword       |     6 |       |       |       |       |       |       ||     6
       Dagger            |    63 |   213 |   192 |   220 |       |       |       ||   688
       Double sword      |       |       |       |   246 |   640 |   604 |   181 ||  1671
Throw: Throwing net      |       |       |       |       |     1 |       |       ||     1
 Cast: Sandblast         |    15 |    10 |    49 |    24 |    13 |    18 |     4 ||   133
       Stone Arrow       |       |     2 |    20 |    44 |     5 |       |     1 ||    72
       Lee's Rapid Decon |       |       |     5 |    47 |    40 |    31 |    18 ||   141
       Iron Shot         |       |       |       |       |   112 |   232 |   131 ||   475
       Bolt of Magma     |       |       |       |       |    15 |    17 |     3 ||    35
       Fireball          |       |       |       |       |     5 |     1 |       ||     6
       Irradiate         |       |       |       |       |     7 |    38 |     2 ||    47
       Ignition          |       |       |       |       |       |    36 |    50 ||    86
Evoke: Wand              |       |       |     1 |    22 |    11 |     3 |       ||    37
       Condenser vane    |       |       |       |       |       |     5 |     2 ||     7
       Box of beasts     |       |       |       |       |       |     2 |       ||     2
       Lightning rod     |       |       |       |       |       |     3 |     1 ||     4
       Phial of floods   |       |       |       |       |       |     1 |     1 ||     2
  Use: Scroll            |       |     8 |    12 |    10 |    11 |    11 |     2 ||    54
       Potion            |       |       |     2 |     2 |     7 |    11 |    17 ||    39
 Stab: Sleeping          |     3 |     4 |       |     1 |     8 |     2 |       ||    18
       Paralysed         |       |       |       |       |     7 |       |       ||     7
       Invisible         |       |       |       |       |     3 |     1 |       ||     4
       Distracted        |       |       |       |       |     1 |       |       ||     1
Armor: Robe              |    34 |    67 |    49 |       |       |       |       ||   150
       Steam dragon scal |       |       |    41 |   394 |   655 |  1072 |   201 ||  2363
Dodge: Dodged            |    45 |   130 |   139 |   334 |   668 |   980 |   179 ||  2475
       Rpst.: Double sword |       |       |       |    45 |   185 |   181 |    42 ||   453

Table legend: (Time is in decaauts)
 A = Elapsed time spent in this place.
 B = Non-inter-level travel time spent in this place.
 C = Inter-level travel time spent in this place.
 D = Time resting spent in this place.
 E = Time spent auto-exploring this place.
 F = Levels seen in this place.
 G = Mean time per level.
                   A        B        C        D        E       F      G
               +--------+--------+--------+--------+--------+-----+--------+
         Total |  42640 |  39948 |   2692 |   6983 |  24887 |  36 | 1184.4 |
       Dungeon |  18557 |  17080 |   1477 |   1784 |  12000 |  15 | 1237.1 |
        Temple |    170 |    137 |     33 |      0 |    131 |   1 |  170.0 |
          Lair |   7372 |   6774 |    598 |    568 |   4766 |   6 | 1228.7 |
         Swamp |   4866 |   4672 |    194 |    789 |   2938 |   4 | 1216.5 |
   Spider Nest |   5876 |   5574 |    302 |   1999 |   2801 |   4 | 1469.0 |
  Orcish Mines |   1692 |   1614 |     78 |    241 |    894 |   2 |  846.0 |
        Vaults |    949 |    941 |      8 |    184 |    505 |   1 |  949.0 |
         Abyss |    579 |    579 |      0 |    120 |    148 |   2 |  289.5 |
        Wizlab |   2576 |   2576 |      0 |   1297 |    704 |   1 | 2576.0 |
               +--------+--------+--------+--------+--------+-----+--------+

Top non-repeatable levels by time:
  WizLab: 2576 daAuts
Spider:2: 2282 daAuts
Spider:3: 2081 daAuts
    D:15: 1827 daAuts
    D:10: 1823 daAuts
    D:13: 1817 daAuts
 Swamp:4: 1765 daAuts
    D:14: 1625 daAuts
    D:12: 1546 daAuts
  Lair:4: 1485 daAuts
  Lair:2: 1473 daAuts
  Lair:6: 1444 daAuts
 Swamp:3: 1392 daAuts
     D:6: 1366 daAuts
     D:2: 1260 daAuts
